 Dungeon Crawl Stone Soup version 0.18-a0-1405-g73f4075 (webtiles) character file.

284 brucemayne the Chopper (level 6, -4/44 HPs)
             Began as a Demonspawn Gladiator on Feb 24, 2016.
             Splashed by a jelly's acid (8 damage)
             ... on level 6 of the Dungeon.
             The game lasted 00:05:49 (1091 turns).

brucemayne the Chopper (Demonspawn Gladiator)       Turns: 1091, Time: 00:05:49

Health: -4/44      AC:  3    Str: 17    XL:     6   Next: 7%
Magic:  0/6        EV: 19    Int: 10    God:
Gold:   65         SH:  0    Dex: 18    Spells: 0 memorised, 5 levels left

rFire  . . .     SeeInvis .     a - +0 war axe
rCold  . . .     Gourm    .     j - +0 ring mail
rNeg   + . .     Faith    .     (no shield)
rPois  .         Spirit   +     c - +0 helmet
rElec  .         Dismiss  .     r - +0 cloak
rCorr  .         Reflect  .     (no gloves)
SustAt .         Harm     .     (no boots)
MR     .....                    (no amulet)
Stlth  ++........               (no ring)
                                p - ring of positive energy

@: agile, lethally poisoned (-4 -> -9), corroded equipment, not resistant to
hostile enchantments, unstealthy
A: talons 1, repulsion field 1, magic shield, rot immunity
a: no special abilities


You were on level 6 of the Dungeon.
You were not hungry.

You visited 1 branch of the dungeon, and saw 6 of its levels.

You collected 65 gold pieces.

Inventory:

Hand Weapons
 a - a +0 war axe (weapon)
Missiles
 g - 40 poisoned needles
 i - a stone (quivered)
Armour
 b - a +0 leather armour
 c - a +0 helmet (worn)
 j - a +0 ring mail (worn)
 r - a +0 cloak (worn)
Jewellery
 p - a ring of positive energy (left hand)
Scrolls
 m - a scroll of remove curse {unknown}
 o - 3 scrolls of immolation {unknown}
 s - a scroll of fear {unknown}
Potions
 n - a potion of berserk rage {unknown}
 t - a potion of invisibility {unknown}
Comestibles
 f - a bread ration
 k - a royal jelly
 l - a meat ration
 q - 2 chunks of flesh


   Skills:
 - Level 2.0 Fighting
 + Level 6.2 Axes
 - Level 1.7 Throwing
 - Level 2.7 Dodging


You had 5 spell levels left.
You didn't know any spells.

Dungeon Overview and Level Annotations

Branches:
Dungeon (6/15)
 Temple: D:4-7

Altars:
Dithmenos
Fedhas
Trog
Vehumet
Yredelemnul

Annotations:
D:2 Natasha
D:5 YrmMerkstave's ghost, novice DrTm


Innate Abilities, Weirdness & Mutations

You have sharp toenails.
You are surrounded by a mild repulsion field (EV +2).
When hurt, damage is shared between your health and your magic reserves.
You are immune to rotting.


Message History

The adder closely misses you. The iguana bites you!
* * * LOW HITPOINT WARNING * * *
The jelly misses you. The adder misses you.
Drink which item? (? for menu, Esc to quit)
You feel better. The iguana bites you.
* * * LOW HITPOINT WARNING * * *
The jelly completely misses you. The adder completely misses you.
Your ring mail prevents you from hitting the jelly.
The jelly is almost dead.
You hit the adder.
The adder is heavily wounded.
You barely miss the iguana.
The iguana is lightly wounded.
The iguana closely misses you. The adder bites you.
* * * LOW HITPOINT WARNING * * *
You are lethally poisoned!
The adder poisons you! The jelly hits you.
* * * LOW HITPOINT WARNING * * *
You are splashed with acid!
The acid corrodes you!
The acid burns!
You die...

#^. .. ... .. ..
.## .. ###.###..
. ......?.
#$#.#.##J#
#.#[#.##@#
#..<#.#lS# #
###...#.#......#
##.....#......#
#.............#
#.............#
#####..########
####


You could see an iguana, a jelly and an adder.

Vanquished Creatures
  An ice beast (D:3)
  3 worker ants (D:4)
  6 adders
  A gnoll (D:5)
  An adder skeleton (D:5)
  A worm (D:2)
  2 giant geckos
  An orc (D:4)
  2 giant cockroaches
  5 goblins
  7 hobgoblins
  3 jackals (D:2)
  2 ball pythons
  6 bats
  6 giant newts
  4 kobolds
  3 rats
54 creatures vanquished.

Vanquished Creatures (others)
  A bush (D:4)
1 creature vanquished.

Grand Total: 55 creatures vanquished

Notes
Turn   | Place    | Note
--------------------------------------------------------------
     0 | D:1      | brucemayne the Demonspawn Gladiator began the quest for the Orb.
     0 | D:1      | Reached XP level 1. HP: 16/16 MP: 1/1
    61 | D:1      | Reached skill level 3 in Axes
   102 | D:1      | Gained mutation: You are surrounded by a mild repulsion field (EV +2). [demonic ancestry]
   102 | D:1      | Reached XP level 2. HP: 8/22 MP: 2/2
   177 | D:2      | Found a shadowy altar of Dithmenos.
   426 | D:2      | Noticed Natasha
   447 | D:3      | Found a radiant altar of Vehumet.
   487 | D:3      | Gained mutation: You have sharp toenails. [demonic ancestry]
   487 | D:3      | Reached XP level 3. HP: 20/27 MP: 3/3
   525 | D:3      | Noticed an ice beast
   543 | D:3      | Reached skill level 4 in Axes
   553 | D:3      | Killed an ice beast
   553 | D:3      | Reached skill level 5 in Axes
   553 | D:3      | Gained mutation: When hurt, damage is shared between your health and your magic reserves. [demonic ancestry]
   553 | D:3      | Reached XP level 4. HP: 13/33 MP: 4/4
   681 | D:3      | Reached XP level 5. HP: 25/38 MP: 5/5
   744 | D:4      | Found a blossoming altar of Fedhas.
   744 | D:4      | Noticed a centaur
   790 | D:4      | Found a basalt altar of Yredelemnul.
   933 | D:4      | Reached skill level 6 in Axes
   967 | D:4      | Noticed an ogre
   996 | D:5      | Entered Level 5 of the Dungeon
  1017 | D:5      | Gained mutation: You are immune to rotting. [demonic ancestry]
  1017 | D:5      | Reached XP level 6. HP: 23/44 MP: 4/6
  1046 | D:5      | Found a bloodstained altar of Trog.
  1059 | D:5      | Noticed YrmMerkstave's ghost (novice DrTm)
  1091 | D:6      | Splashed by a jelly's acid

Vault maps used:
D:1:      saegor_arrival_simple_d, minmay_misc_feat_more_columns,
          due_unseen_surprise
D:2:      minmay_door_path, nicolae_dithmenos_shadow_blocks, uniq_natasha
D:3:      vehumet_crystals, st_stairs_5, grunt_ministairs_9, due_unseen_surprise
D:4:      nicolae_ashenzari_panopticon, lemuel_round_altar,
          fedhas_bush_and_centaur_altar, minmay_misc_feat_tower
D:5:      kennysheep_kobold_camp, bloody_trog, lemuel_round_altar,
          minmay_temple_entry_junction, first_bread, uniq_sigmund
D:6:      serial_shops, shop_fountains, tso_metal_star, uniq_duvessa,
          uniq_pikel, uniq_blork_the_orc

Skill      XL: |  1  2  3  4  5 |
---------------+----------------+-----
Axes           | 3 5 6 |  6.2
Fighting       | |  2.0
Throwing       | |  1.7
Dodging        | |  2.7

Action                   |  1- 3 |  4- 6 || total
-------------------------+-------+-------++-------
Melee: War axe           |   111 |   104 ||   215
Throw: Throwing net      |     6 |     3 ||     9
  Use: Potion            |       |     3 ||     3
 Stab: Held in net/web   |     4 |       ||     4
  Eat: Chunk             |       |     1 ||     1
